 Dungeon Sprint DCSS version 0.24-a0-312-g16217b4a02 (webtiles) character file.

Game seed: 9502709301657817081

10700000 Hercules1031 the Conqueror (level 27, -1/249 HPs)
             Began as a Demonspawn Gladiator on May 15, 2019.
             Was the Champion of Makhleb.
             Killed by the air
             ... invoked by a tyrant
              (34 damage)
             ... in the Dungeon (Sprint VIII: "Arena of Blood").
             The game lasted 00:06:02 (107 turns).

Hercules1031 the Conqueror (Demonspawn Gladiator)    Turns: 107, Time: 00:06:03

Health: -1/249     AC: 18    Str: 15    XL:     27
Magic:  41/54      EV: 36    Int: 11    God:    Makhleb [******]
Gold:   0          SH:  0    Dex: 26    Spells: 80/80 levels left

rFire    + . .     SeeInvis +   l - +∞ Axe of Woe
rCold    . . .     Gourm    .   (shield currently unavailable)
rNeg     . . .     Faith    .   b - +0 leather armour
rPois    .         Spirit   .   (helmet unavailable)
rElec    .         Reflect  .   (no cloak)
rCorr    .         Harm     .   (no gloves)
MR       ++...     NoTele   +   (no boots)
Stlth    +++++++++.             (no amulet)
HPRegen  10.51/turn             (no ring)
MPRegen  0.34/turn              (no ring)

@: sanguine armour, drained
A: antennae 3, fire resistance 1, hurl damnation, foul stench 2, powered by
death 3, rot immunity, flame cloud immunity, sanguine armour 3
a: Hurl Damnation, Minor Destruction, Lesser Servant of Makhleb, Major
Destruction, Greater Servant of Makhleb, Renounce Religion


You were in the Dungeon.
You worshipped Makhleb.
Makhleb was exalted by your worship.
You were not hungry.

You visited 1 branch

Inventory:

Hand Weapons
 a - a +0 war axe
 l - the +∞ Axe of Woe (weapon)
   (You found it in the Dungeon)
Missiles
 d - 3 throwing nets (quivered)
Armour
 b - a +0 leather armour (worn)
 c - a +0 helmet
Scrolls
 k - a scroll of blinking
Potions
 e - a potion of curing
 h - a potion of haste
 i - 2 potions of magic
 j - a potion of berserk rage
Comestibles
 f - a ration


   Skills:
 O Level 27(25.5) Fighting
 O Level 27(25.5) Axes
 O Level 27(25.5) Throwing
 O Level 27(25.5) Armour
 O Level 27(25.5) Dodging
 O Level 27(25.5) Stealth
 O Level 27(25.5) Unarmed Combat
 O Level 27(25.5) Spellcasting
 O Level 27(25.5) Invocations


You had 80 spell levels left.
You didn't know any spells.
Your spell library was empty.

Dungeon Overview and Level Annotations

Branches:
Dungeon (1/1)

Altars:
Makhleb


Innate Abilities, Weirdness & Mutations

You have a pair of large antennae on your head. (SInv)
Your flesh is heat resistant. (rF+)
You can hurl damnation.
You frequently emit foul miasma when damaged in melee.
You regenerate a lot of health from kills.
You are immune to rotting.
You are immune to clouds of flame.
When seriously injured, your bleeding wounds create very thick armour. (AC +12)


Message History

Makhleb accepts your kill.
You feel better.
You feel extremely nervous for a moment...
Pain shoots through your body!
A tyrant comes into view.
You hear a shout!
The wretched soul breathes negative energy at you.
The bolt of negative energy hits you!!!!
You feel drained.
* * * LOW HITPOINT WARNING * * *
The bolt of negative energy hits your cacodemon.
Your cacodemon completely resists.
The observer gazes at you. Something smites you!
* * * LOW HITPOINT WARNING * * *
A tyrant comes into view.
You hear a shout! x3
The tyrant waves its bony arms in wide circles.
The air twists around and strikes you!
You die...

....%.###)).......
.###..%.).)###....
#....)))#......
.#.D..V))#......
L......)M)......
.oWo.L.).)...#..
.D..%W2.))..#%o.
%.§W...%.)##....
#...G.)@2#......
.....)○§)#{..###
#.#M..○§))L.....
.....§§§.)X.....
...#..)..#.##...
.......%........
......%........
.....=.%......##
##############.#


You could see 2 accurseds, 3 tyrants, a reaper, 2 eight-headed meat hydras, a
destroyer, an observer (invisible), a large abomination, 2 wretched souls, a
dread, 2 bags of meat and a friendly cacodemon.

Vanquished Creatures
  2 hell beasts (D)
  6 greater mummies (D)
  6 wraiths (D)
  12 vampire knights (D)
  26 ogres (D)
  6 two-headed ogres (D)
  5 liches (D)
  2 hydras (D)
  35 orcs (D)
  6 phantoms (D)
  6 skeletal warriors (D)
  3 large abominations (D)
  7 small abominations (D)
  7 crawling corpses (D)
129 creatures vanquished.

Vanquished Creatures (collateral kills)
  An orc (D)
  A crawling corpse (D)
2 creatures vanquished.

Vanquished Creatures (others)
  A hydra (D)
  4 crawling corpses (D)
5 creatures vanquished.

Grand Total: 136 creatures vanquished

Notes
Turn   | Place    | Note
-------+----------+-------------------------------------------
     0 | D        | Found the +∞ Axe of Woe
     0 | D        | Hercules1031 the Demonspawn Gladiator began the quest for
                  | the Orb.
     0 | D        | Reached XP level 1. HP: 16/16 MP: 1/1
     2 | D        | Noticed a bag of meat
     3 | D        | Noticed a bag of meat
     4 | D        | Became a worshipper of Makhleb the Destroyer
     4 | D        | Noticed a bag of meat
     6 | D        | Noticed a meat berserker
     7 | D        | Noticed a meat berserker
     7 | D        | Killed a meat berserker
     7 | D        | Reached skill level 15 in Axes
     7 | D        | Reached skill level 15 in Armour
     7 | D        | Reached skill level 15 in Dodging
     7 | D        | Gained mutation: When seriously injured, your bleeding
                  | wounds create armour. (AC +12) [demonic ancestry]
     7 | D        | Reached XP level 2. HP: 46/46 MP: 2/2
     7 | D        | Gained mutation: You regenerate a little health from kills.
                  | [demonic ancestry]
     7 | D        | Reached XP level 3. HP: 52/52 MP: 3/3
     7 | D        | Reached XP level 4. HP: 59/59 MP: 4/4
     7 | D        | Gained mutation: You have a pair of small antennae on your
                  | head. [demonic ancestry]
     7 | D        | Reached XP level 5. HP: 66/66 MP: 5/5
     7 | D        | Reached XP level 6. HP: 73/73 MP: 6/6
     7 | D        | Reached XP level 7. HP: 79/79 MP: 7/7
     7 | D        | Gained mutation: You have a pair of antennae on your head.
                  | [demonic ancestry]
     7 | D        | Reached XP level 8. HP: 86/86 MP: 8/8
     7 | D        | Gained mutation: You have a pair of large antennae on your
                  | head. (SInv) [demonic ancestry]
     7 | D        | Reached XP level 9. HP: 92/92 MP: 9/9
     7 | D        | Gained mutation: You regenerate health from kills. [demonic
                  | ancestry]
     7 | D        | Reached XP level 10. HP: 100/100 MP: 10/10
     7 | D        | Gained mutation: When seriously injured, your bleeding
                  | wounds create thick armour. (AC +12) [demonic ancestry]
     7 | D        | Reached XP level 11. HP: 106/106 MP: 11/11
     7 | D        | Gained mutation: When seriously injured, your bleeding
                  | wounds create very thick armour. (AC +12) [demonic
                  | ancestry]
     7 | D        | Reached XP level 12. HP: 113/113 MP: 12/12
     7 | D        | Reached XP level 13. HP: 119/119 MP: 13/13
     7 | D        | Killed a bag of meat
     7 | D        | Reached * piety under Makhleb
     7 | D        | Noticed a bag of meat
     8 | D        | Killed a meat berserker
     8 | D        | Gained mutation: You are immune to rotting. [demonic
                  | ancestry]
     8 | D        | Reached XP level 14. HP: 118/136 MP: 14/14
     8 | D        | Noticed a meat berserker
     8 | D        | Noticed a bag of meat
     9 | D        | Noticed a bag of meat
     9 | D        | Noticed a bag of meat
     9 | D        | Noticed a bag of meat
     9 | D        | Noticed a bag of meat
    10 | D        | Killed a meat berserker
    10 | D        | Reached XP level 15. HP: 146/146 MP: 15/15
    11 | D        | Noticed a large bag of meat
    12 | D        | Reached ** piety under Makhleb
    12 | D        | Noticed a meat berserker
    13 | D        | Reached XP level 16. HP: 157/157 MP: 16/16
    14 | D        | Reached *** piety under Makhleb
    14 | D        | Noticed a meat berserker
    14 | D        | Noticed a meat berserker
    15 | D        | Gained mutation: You may emit foul miasma when damaged in
                  | melee. [demonic ancestry]
    15 | D        | Reached XP level 17. HP: 169/169 MP: 17/17
    15 | D        | Noticed a meat berserker
    16 | D        | Reached **** piety under Makhleb
    16 | D        | Noticed a meat berserker
    17 | D        | Killed a meat berserker
    17 | D        | Reached skill level 27 in Fighting
    17 | D        | Reached XP level 18. HP: 135/182 MP: 18/18
    17 | D        | Killed a large bag of meat
    17 | D        | Reached skill level 27 in Axes
    17 | D        | Reached skill level 27 in Armour
    17 | D        | Reached skill level 27 in Dodging
    18 | D        | Killed a meat berserker
    18 | D        | Reached ***** piety under Makhleb
    18 | D        | Reached XP level 19. HP: 189/189 MP: 19/19
    20 | D        | Noticed a meat berserker
    20 | D        | Noticed a large bag of meat
    21 | D        | Killed a meat berserker
    21 | D        | Reached skill level 27 in Throwing
    23 | D        | Killed a meat berserker
    23 | D        | Reached skill level 10 in Unarmed Combat
    23 | D        | Reached skill level 10 in Spellcasting
    23 | D        | Killed a meat berserker
    23 | D        | Reached skill level 15 in Stealth
    23 | D        | Gained mutation: Your flesh is heat resistant. (rF+)
                  | [demonic ancestry]
    23 | D        | Reached XP level 20. HP: 197/197 MP: 19/38
    24 | D        | Reached skill level 15 in Unarmed Combat
    24 | D        | Reached skill level 15 in Spellcasting
    24 | D        | Noticed a large bag of meat
    25 | D        | Noticed a destroyer
    26 | D        | Killed a meat berserker
    26 | D        | Gained mutation: You frequently emit foul miasma when
                  | damaged in melee. [demonic ancestry]
    26 | D        | Reached XP level 21. HP: 204/204 MP: 19/43
    26 | D        | Killed a large bag of meat
    26 | D        | Reached ****** piety under Makhleb
    26 | D        | Reached skill level 27 in Invocations
    26 | D        | Noticed a large bag of meat
    30 | D        | Gained mutation: You are immune to clouds of flame.
                  | [demonic ancestry]
    30 | D        | Reached XP level 22. HP: 212/212 MP: 20/50
    30 | D        | Killed a large bag of meat
    30 | D        | Reached skill level 27 in Stealth
    32 | D        | Noticed a destroyer
    34 | D        | Noticed a destroyer
    35 | D        | Killed a destroyer
    35 | D        | Reached skill level 27 in Unarmed Combat
    35 | D        | Reached skill level 27 in Spellcasting
    35 | D        | Killed a destroyer
    35 | D        | Reached XP level 23. HP: 219/219 MP: 22/54
    36 | D        | Noticed a destroyer
    37 | D        | Noticed a destroyer
    38 | D        | Killed a large bag of meat
    39 | D        | Noticed a destroyer
    40 | D        | Killed a destroyer
    42 | D        | Noticed a destroyer
    43 | D        | Killed a destroyer
    43 | D        | Gained mutation: You can hurl damnation. [demonic ancestry]
    43 | D        | Reached XP level 24. HP: 133/227 MP: 24/54
    44 | D        | Killed a destroyer
    45 | D        | Killed a destroyer
    46 | D        | Gained mutation: You regenerate a lot of health from kills.
                  | [demonic ancestry]
    46 | D        | Reached XP level 25. HP: 234/234 MP: 24/54
    47 | D        | Noticed a tyrant
    47 | D        | Noticed an accursed
    47 | D        | Noticed a large bag of meat
    49 | D        | Noticed an accursed
    49 | D        | Noticed an accursed
    51 | D        | HP: 3/234 [accursed/divine providence (10)]
    52 | D        | Killed a destroyer
    52 | D        | Noticed a tyrant
    55 | D        | Killed an accursed
    55 | D        | Reached XP level 26. HP: 181/242 MP: 27/54
    56 | D        | Killed a tyrant
    57 | D        | Noticed an accursed
    60 | D        | Killed an accursed
    62 | D        | Killed an accursed
    62 | D        | Reached XP level 27. HP: 249/249 MP: 29/54
    64 | D        | Killed an accursed
    66 | D        | Noticed a dread
    66 | D        | Killed a large bag of meat
    66 | D        | Noticed a dread
    67 | D        | Noticed a dread
    67 | D        | Noticed a dread
    68 | D        | Noticed a dread
    70 | D        | Killed a dread
    71 | D        | Noticed a meat beast
    72 | D        | Killed a tyrant
    72 | D        | Killed a dread
    73 | D        | Killed a dread
    76 | D        | Noticed a destroyer
    76 | D        | Killed a meat beast
    76 | D        | Killed a dread
    77 | D        | Noticed a meat beast
    78 | D        | Killed a destroyer
    79 | D        | Noticed a dread
    80 | D        | Killed a meat beast
    81 | D        | Noticed a destroyer
    82 | D        | Killed a dread
    83 | D        | Noticed a destroyer
    85 | D        | Noticed a destroyer
    88 | D        | Noticed a large bag of meat
    89 | D        | Killed a destroyer
    89 | D        | Killed a destroyer
    89 | D        | Noticed an accursed
    93 | D        | Noticed a tyrant
    93 | D        | Noticed a destroyer
    94 | D        | Noticed a tyrant
    95 | D        | Killed a dread
    97 | D        | Killed a destroyer
    97 | D        | Killed a large bag of meat
    97 | D        | Noticed a tyrant
    97 | D        | Noticed an accursed
    99 | D        | Killed a tyrant
   100 | D        | Killed a destroyer
   100 | D        | Noticed an accursed
   101 | D        | Noticed a dread
   101 | D        | Noticed a destroyer
   101 | D        | Noticed a tyrant
   102 | D        | Killed a tyrant
   103 | D        | Noticed an accursed
   105 | D        | Killed a tyrant
   106 | D        | Killed an accursed
   107 | D        | Killed an accursed
   107 | D        | Noticed a tyrant
   107 | D        | Noticed a tyrant
   107 | D        | Killed from afar by a tyrant

Levels and vault maps discovered:
D:        meatsprint

Skill      XL: |  1  2  3  4  5  6  7  8  9 10 11 12 13 14 15 16 17 18 19 20 21 22 |
---------------+-------------------------------------------------------------------+-----
Fighting       | 16 20 22 23 25 27 | 27.0
Axes           | 15 19 20 22 23 26 27 | 27.0
Armour         | 15 18 20 21 23 26 27 | 27.0
Dodging        | 15 19 20 22 23 26 27 | 27.0
Throwing       | 21 27 | 27.0
Stealth        | 15 19 25 27 | 27.0
Unarmed Combat | 14 18 24 27 | 27.0
Spellcasting   | 14 18 24 27 | 27.0
Invocations    | 18 24 27 | 27.0

Action                   |  1- 3 |  4- 6 |  7- 9 | 10-12 | 13-15 | 16-18 | 19-21 | 22-24 | 25-27 || total
-------------------------+-------+-------+-------+-------+-------+-------+-------+-------+-------++-------
Melee: Executioner's axe |     1 |       |       |       |     4 |     5 |     7 |    10 |    46 ||    73
Invok: Greater Servant o |       |       |       |       |       |       |       |     1 |     8 ||     9
  Use: Potion            |       |       |       |       |       |       |       |       |     1 ||     1
Armor: Leather armour    |       |       |       |       |       |       |       |       |     3 ||     3
Dodge: Dodged            |       |       |       |       |     1 |       |       |     1 |    11 ||    13

Table legend:
 A = Non-vault XP
 B = Vault XP
 C = Vault XP percentage of total XP
 D = Non-vault monster count
 E = Vault monster count
 F = Vault count percentage of total count
                 A         B        C        D         E       F
            +---------+---------+-------+---------+---------+-------
      Total | 2824521 |  694155 |  19.7 |      82 |      41 |  33.3
            +---------+---------+-------+---------+---------+-------
          D | 2824521 |  694155 |  19.7 |      82 |      41 |  33.3
            +---------+---------+-------+---------+---------+-------
